 Dungeon Crawl Stone Soup version 0.25-a0-663-gace7076f2c (webtiles) character file.

Game seed: 6360618256787006567, levelgen mode: deterministic

12633 ReteAZ the Grappler (level 11, -6/94 HPs)
             Began as a Ghoul Fighter on Mar 25, 2020.
             Was a Priest of Makhleb.
             Mangled by a white ugly thing (16 damage)
             ... on level 11 of the Dungeon.
             The game lasted 00:18:27 (9862 turns).

ReteAZ the Grappler (Ghoul Fighter)                 Turns: 9862, Time: 00:18:28

Health: -6/94      AC: 11    Str: 22    XL:     11   Next: 96%
Magic:  14/14      EV:  6    Int:  5    God:    Makhleb [***...]
Gold:   616        SH: 15    Dex:  8    Spells: 10/10 levels left

rFire    . . .     SeeInvis +     - Unarmed
rCold    + . .     Gourm    .   b - +0 kite shield
rNeg     + + +     Faith    .   a - +0 scale mail
rPois    ∞         Spirit   .   N - +2 helmet {SInv}
rElec    .         Reflect  +   (no cloak)
rCorr    .         Harm     .   (no gloves)
MR       .....                  (no boots)
Stlth    ..........             e - +5 amulet of reflection
HPRegen  0.00/turn              K - ring of see invisible
MPRegen  0.14/turn              Q - -2 ring of evasion (curse)

@: rotting
A: rotting body, claws 1, carnivore, cold resistance 1, negative energy
resistance 3, inhibited regeneration, torment resistance, unbreathing
a: Minor Destruction, Lesser Servant of Makhleb, Renounce Religion


You were on level 11 of the Dungeon.
You worshipped Makhleb.
Makhleb was most pleased with you.
You were not hungry.

You visited 2 branches of the dungeon, and saw 12 of its levels.
You also visited: Sewer.

You collected 876 gold pieces.
You spent 260 gold pieces at shops.

Inventory:

Missiles
 E - 20 poisoned darts (quivered)
Armour
 a - a +0 scale mail (worn)
 b - a +0 kite shield (worn)
 i - a +0 buckler
 N - a +2 helmet of see invisible (worn)
Jewellery
 e - a +5 amulet of reflection (around neck)
 o - an uncursed ring of ice
 K - a ring of see invisible (left claw)
 Q - a cursed -2 ring of evasion (right claw)
Wands
 h - a wand of acid (10)
 j - a wand of polymorph (23)
 l - a wand of flame (16)
 p - a wand of random effects (15)
 y - a wand of digging (6)
 A - a wand of paralysis (17)
 C - a wand of iceblast (9)
Scrolls
 f - 6 scrolls of teleportation
 g - 2 scrolls of identify
 s - 4 scrolls of fog {unknown}
 t - 3 scrolls of magic mapping {unknown}
 w - 2 scrolls of remove curse
 B - a scroll of fear
 G - 2 scrolls of blinking {unknown}
 H - 2 scrolls of enchant armour {unknown}
 O - 2 scrolls of random uselessness {unknown}
 P - a scroll of enchant weapon
Potions
 c - a potion of might
 k - 2 potions of curing
 m - 2 potions of magic
 n - a potion of haste
 q - 3 potions of brilliance
 r - 4 potions of heal wounds
 z - a potion of stabbing
 D - 3 potions of flight
 F - 2 potions of cancellation
 I - a potion of ambrosia
Comestibles
 d - 16 rations


   Skills:
 - Level 8.0 Fighting
 - Level 7.0 Armour
 - Level 7.0 Shields
 * Level 13.7 Unarmed Combat
 - Level 6.1 Evocations


You had 10 spell levels left.
You didn't know any spells.
Your spell library contained the following spells:

 Spells                   Type           Power        Failure   Level  Hunger
 Infusion                 Chrm           #...         98%         1    ##.....
 Shroud of Golubria       Chrm/Tloc      #.....       99%         2    ###....
 Song of Slaying          Chrm           #.......     99%         2    ###....
 Confusing Touch          Hex            #.......     100%        3    ####...
 Gell's Gravitas          Tloc           #.........   100%        3    ####...
 Ozocubu's Armour         Chrm/Ice       #.......     100%        3    ####...
 Spectral Weapon          Hex/Chrm       #.......     100%        3    ####...
 Petrify                  Tmut/Erth      #.......     100%        4    #####..
 Metabolic Englaciation   Hex/Ice        #.........   100%        5    ######.
 Yara's Violent Unravell  Hex/Tmut       #.........   100%        5    ######.


Dungeon Overview and Level Annotations

Branches:
Dungeon (11/15)            Temple (1/1) D:6            Lair (0/6) D:9
    Orc (0/2) D:9           Sewer (visited)

Altars:
Ashenzari
Cheibriados
Dithmenos
Elyvilon
Fedhas
Gozag
Hepliaklqana
Kikubaaqudgha
Makhleb
Nemelex Xobeh
Qazlal
Ru
Sif Muna
Trog
Uskayaw
Vehumet
Wu Jian
Xom
Yredelemnul
Zin
The Shining One

Shops:
D:4 =   D:5 *   D:6 }%   D:10 :

Annotations:
D:7 5 runed translucent doors


Innate Abilities, Weirdness & Mutations

Your body is rotting away.
You thrive on raw meat.
You are immune to poison.
You have sharp fingernails.
You are carnivorous and can eat meat at any time.
Your flesh is cold resistant. (rC+)
You are immune to negative energy. (rN+++)
You do not regenerate when monsters are visible.
You are immune to unholy pain and torment.
You can survive without breathing.


Message History

The big kobold hits you.
The kobold demonologist looks encouraged for a moment.
You block the big kobold's attack. The orange demon stings you from afar.
You closely miss the kobold demonologist.
The kobold demonologist is severely wounded.
The bullfrog hits you. The white ugly thing tail-slaps you.
The white ugly thing freezes you! You resist.
The phantom blinks!
You block the big kobold's attack.
The kobold demonologist hits you but does no damage.
You closely miss the kobold demonologist.
The kobold demonologist is severely wounded.
You block the bullfrog's attack.
You block the kobold demonologist's attack.
The big kobold hits you but does no damage.
The orange demon stings you from afar!
* * * LOW HITPOINT WARNING * * *
The white ugly thing tail-slaps you!
* * * LOW HITPOINT WARNING * * *
The white ugly thing freezes you! You resist.
You die...

..%....#
......#
!.....#
#.....###
#...^....
+<.W.....
####..######
#..Ku(#
#.KK@##
#.KFKK3.....
#..4K#.4....
.§.(..#######
.....(...
..((.....
...(.....
......####


You could see a white ugly thing, an orange demon, an ice devil, 2 kobold
demonologists, a sixfirhy, a phantom, 2 big kobolds, a bullfrog and 3 kobolds.

Vanquished Creatures
  A hydra (D:10)
  4 two-headed ogres
  Pikel (D:6)
  2 trolls (D:9)
  A hornet (D:9)
  A hippogriff (D:5)
  Sigmund (D:5)
  A wyvern (D:9)
  Grum (D:10)
  5 yaks
  2 hungry ghosts
  Menkaure (D:6)
  2 water moccasins
  A porcupine (D:9)
  5 black bears
  2 phantoms (D:5)
  2 orc warriors
  A sky beast (D:8)
  4 slaves (D:5)
  2 ice beasts
  6 ogres
  5 wolves
  6 centaurs
  3 crocodiles (D:9)
  7 bullfrogs
  7 big kobolds
  2 wyvern zombies
  8 scorpions
  3 howler monkeys
  2 bullfrog zombies
  2 centaur zombies
  7 crimson imps
  A quasit (D:9)
  4 hounds
  3 bullfrog skeletons
  6 orc wizards
  8 orc priests
  2 jellies
  2 centaur skeletons
  2 iguanas
  10 worker ants
  A killer bee zombie (D:8)
  2 hound skeletons
  A howler monkey zombie (D:10)
  A worker ant zombie (D:5)
  10 adders
  2 river rats
  3 shadow imps
  4 oozes
  3 adder skeletons
  4 worms
  3 dart slugs
  11 leopard geckos
  33 orcs
  3 ball pythons
  12 giant cockroaches
  4 goblins
  10 hobgoblins
  12 jackals
  21 kobolds
  3 quokkas
  7 bats
  4 frilled lizards
  15 rats
305 creatures vanquished.

Vanquished Creatures (others)
  An orc wizard (D:6)
  2 goblins (D:1)
  A bat (D:1)
  A frilled lizard (D:1)
  4 toadstools (D:4)
9 creatures vanquished.

Grand Total: 314 creatures vanquished

Notes
Turn   | Place    | Note
-------+----------+-------------------------------------------
     0 | D:1      | ReteAZ the Ghoul Fighter began the quest for the Orb.
     0 | D:1      | Reached XP level 1. HP: 19/19 MP: 0/0
    63 | D:1      | Reached XP level 2. HP: 26/26 MP: 1/1
   222 | D:1      | Reached XP level 3. HP: 13/31 MP: 2/2
   244 | D:1      | Reached skill level 3 in Unarmed Combat
  1014 | D:2      | Reached XP level 4. HP: 38/40 MP: 3/3
  1356 | D:3      | Found a blossoming altar of Fedhas.
  1370 | D:3      | Found a sacrificial altar of Ru.
  1384 | D:3      | Found a shimmering altar of Xom.
  1427 | D:3      | Found a glowing golden altar of the Shining One.
  2223 | D:4      | Reached XP level 5. HP: 39/46 MP: 4/4
  2341 | D:4      | Reached skill level 4 in Unarmed Combat
  2426 | D:4      | Found Kojokkiz's Jewellery Shop.
  2720 | D:5      | Entered Level 5 of the Dungeon
  2751 | D:5      | Reached XP level 6. HP: 50/53 MP: 5/5
  2752 | D:5      | Noticed a hungry ghost
  2761 | D:5      | Noticed a phantom
  2806 | D:5      | Killed a phantom
  2826 | D:5      | Reached skill level 5 in Unarmed Combat
  3009 | D:5      | Found Mapucrec's General Store.
  3012 | D:5      | Bought a potion of curing for 39 gold pieces
  3012 | D:5      | Bought a scroll of teleportation for 39 gold pieces
  3012 | D:5      | Bought a scroll of identify for 26 gold pieces
  3065 | D:5      | Found a glowing drain.
  3080 | Sewer    | Entered a sewer
  3376 | Sewer    | Reached XP level 7. HP: 54/60 MP: 6/6
  3546 | Sewer    | Reached skill level 5 in Fighting
  3697 | D:5      | Reached skill level 6 in Unarmed Combat
  3904 | D:5      | Reached XP level 8. HP: 39/68 MP: 7/7
  4188 | D:5      | Reached skill level 7 in Unarmed Combat
  4295 | D:5      | HP: 1/70 [worker ant (8)]
  4340 | D:5      | Noticed Sigmund
  4351 | D:5      | Killed Sigmund
  4351 | D:5      | Reached skill level 5 in Armour
  4351 | D:5      | Reached skill level 5 in Shields
  4771 | D:6      | Noticed Pikel
  4771 | D:6      | Noticed a hippogriff
  4776 | D:6      | Noticed Menkaure
  5038 | D:5      | Killed a hippogriff
  5038 | D:5      | Reached skill level 8 in Unarmed Combat
  5038 | D:5      | Reached XP level 9. HP: 15/78 MP: 8/8
  5588 | D:6      | Killed Menkaure
  5599 | D:6      | Paralysed by Pikel for 2 turns
  5604 | D:6      | Paralysed by Pikel for 3 turns
  5608 | D:6      | Killed Pikel
  5608 | D:6      | Reached skill level 9 in Unarmed Combat
  5841 | D:6      | Found Kaetuqas's Food Shoppe.
  5929 | D:6      | Found Vihomn's Gadget Shoppe.
  5937 | D:6      | Bought a wand of iceblast (9) for 156 gold pieces
  6064 | D:6      | Found a staircase to the Ecumenical Temple.
  6095 | Temple   | Entered the Ecumenical Temple
  6178 | Temple   | Became a worshipper of Makhleb the Destroyer
  6232 | D:7      | Reached XP level 10. HP: 86/86 MP: 9/9
  6290 | D:7      | Found the +9 staff of Olgreb {rPois∞}
  6296 | D:7      | Found a runed translucent door.
  6301 | D:7      | Found a runed translucent gate.
  6301 | D:7      | Found a runed translucent gate.
  6302 | D:7      | Found a runed translucent door.
  6313 | D:7      | Found a runed translucent gate.
  6552 | D:7      | Found a hide-covered altar of Uskayaw.
  6636 | D:7      | Reached skill level 10 in Unarmed Combat
  6663 | D:7      | Reached skill level 1 in Evocations
  6693 | D:7      | Found a shimmering altar of Xom.
  7001 | D:8      | Reached * piety under Makhleb
  7431 | D:8      | Found an ancient bone altar of Kikubaaqudgha.
  7871 | D:9      | Found a staircase to the Orcish Mines.
  7917 | D:9      | Reached ** piety under Makhleb
  8089 | D:9      | Reached skill level 11 in Unarmed Combat
  8228 | D:9      | Reached XP level 11. HP: 76/94 MP: 12/12
  8245 | D:9      | Found a staircase to the Lair.
  8762 | D:9      | Reached skill level 12 in Unarmed Combat
  9006 | D:9      | Noticed a two-headed ogre
  9016 | D:9      | Killed a two-headed ogre
  9146 | D:9      | Reached skill level 5 in Evocations
  9239 | D:10     | Entered Level 10 of the Dungeon
  9239 | D:10     | Noticed a two-headed ogre
  9247 | D:10     | Killed a two-headed ogre
  9405 | D:10     | Noticed Grum
  9438 | D:10     | Killed Grum
  9438 | D:10     | Reached *** piety under Makhleb
  9438 | D:10     | Reached skill level 13 in Unarmed Combat
  9469 | D:10     | Noticed a six-headed hydra
  9480 | D:10     | Killed a six-headed hydra
  9544 | D:10     | Noticed a two-headed ogre
  9553 | D:10     | Killed a two-headed ogre
  9559 | D:10     | Found Coijeh's Book Emporium.
  9607 | D:10     | Noticed a two-headed ogre
  9616 | D:10     | Killed a two-headed ogre
  9851 | D:11     | Noticed a white ugly thing
  9861 | D:11     | Noticed a sixfirhy
  9862 | D:11     | Mangled by a white ugly thing

Levels and vault maps discovered:
D:1:      scummos_arrival_checkerplants, layout_rooms, serial_corexii_hall,
          chequers_hall_statues_y, corexii_hall_statues_l, lemuel_old_faithful
D:2:      layout_loops_cross
D:3:      layout_loops_ring, grunt_temple_overflow_cloverleaf, first_ration
D:4:      layout_rooms, serial_shops, shop_fountains, minmay_fountain_box,
          minmay_gold_behind_fungi, minmay_misc_feat_nine_boxes,
          kennysheep_generic_room_3
D:5:      layout_gridville, serial_shops, kennysheep_mini, portal_sewer_entry_e,
          minmay_quadrilaterals, uniq_sigmund
D:6:      minmay_razor_zed, layout_rooms, minmay_temple_entry_ruins,
          serial_shops, shop_statue, shop, uniq_menkaure, uniq_pikel
D:7:      layout_cave_pods, eat_drink_and_be_merry_uskayaw, basic_altar,
          minmay_guarded_unrand_staff_of_olgreb
D:8:      layout_basic, lemuel_doored_altar
D:9:      kennysheep_windowed_halls, layout_irregular_city,
          minmay_lair_entry_grove, orc_0_dummy
D:10:     layout_roguey, serial_shops, shop_fountains, uniq_grum
D:11:     layout_irregular_city, hangedman_stone_soup, laboratory,
          uniq_josephine
Temple:   lightli_temple_of_artemis

Skill      XL: |  1  2  3  4  5  6  7  8  9 10 11 |
---------------+----------------------------------+-----
Unarmed Combat | 3 4 5 6 8 9 11 13 | 13.7
Armour         | 3 4 5 6 7 |  7.0
Shields        | 3 4 5 6 7 |  7.0
Fighting       | 4 5 6 7 8 |  8.0
Evocations     | 3 6 |  6.1

Action                   |  1- 3 |  4- 6 |  7- 9 | 10-12 || total
-------------------------+-------+-------+-------+-------++-------
Melee: Unarmed           |   136 |   306 |   457 |   574 ||  1473
Throw: Dart              |       |       |       |     3 ||     3
Evoke: Wand              |       |       |     3 |     6 ||     9
  Use: Scroll            |       |     3 |       |    13 ||    16
       Potion            |       |       |     5 |       ||     5
  Eat: Chunk             |     7 |     8 |    44 |    53 ||   112
Armor: Scale mail        |    39 |    76 |    99 |   133 ||   347
Dodge: Dodged            |    29 |    94 |    73 |   103 ||   299
Block: Kite shield       |    96 |    59 |   299 |   441 ||   895
       Reflection        |     9 |     5 |     6 |    15 ||    35
       Buckler           |     5 |    96 |       |       ||   101

Table legend:
 A = Non-vault XP
 B = Vault XP
 C = Vault XP percentage of total XP
 D = Non-vault monster count
 E = Vault monster count
 F = Vault count percentage of total count
                 A         B        C        D         E       F
            +---------+---------+-------+---------+---------+-------
      Total |   11960 |    6088 |  33.7 |     227 |      74 |  24.6
            +---------+---------+-------+---------+---------+-------
        D:1 |      46 |       0 |   0.0 |      24 |       0 |   0.0
        D:2 |      59 |       0 |   0.0 |      25 |       0 |   0.0
        D:3 |      38 |       0 |   0.0 |      14 |       0 |   0.0
        D:4 |     144 |       0 |   0.0 |      18 |       0 |   0.0
        D:5 |    1175 |     664 |  36.1 |      26 |      14 |  35.0
        D:6 |    1016 |    1108 |  52.2 |      28 |       9 |  24.3
        D:7 |     554 |       0 |   0.0 |      17 |       0 |   0.0
        D:8 |    2521 |       0 |   0.0 |      30 |       0 |   0.0
        D:9 |    2064 |    3511 |  63.0 |      31 |      29 |  48.3
       D:10 |    4341 |     433 |   9.1 |      12 |       3 |  20.0
       D:11 |       2 |       0 |   0.0 |       2 |       0 |   0.0
      Sewer |       0 |     372 | 100.0 |       0 |      19 | 100.0
            +---------+---------+-------+---------+---------+-------
